AoeStats
← Preston

Arabian Desert

509689936Analyzed
1v1 RM · 3d ago on Sep 27, 2026· 25m 36s· 2 players
Game mode
Random Map
Map size
Tiny (2 player)
Population
200
Speed
Normal
Resources
Standard
Victory
Conquest
Starting age
Dark Age
Ending age
Imperial Age
RankedLock teamsTeams togetherTeam positionsShared explorationLock speedFull tech treeHidden civsTurbo modeCheats
Victory
Defeat
🇫🇷 Lithuanians · France
1322
+15
🇹🇷 Burmese · Türkiye
1298
-15
-YEŞİL-
7:01 Loom
9:18 Feudal Age
10:21 Horse Collar
21:07 Castle Age
20:47 Scale Barding Armor
20:53 Forging
20:56 Bloodlines
22:38 Chain Barding Armor
22:22 Husbandry
Preston
5:13 Loom
8:26 Feudal Age
9:35 Double-Bit Axe
9:53 Horse Collar
23:15 Castle Age
21:26 Scale Barding Armor
21:31 Forging
21:29 Gold Mining
22:10 Bloodlines
21:56 Man-at-Arms
23:17 Light Cavalry
23:58 Husbandry
24:22 Town Watch
26:39 Wheelbarrow
26:09 Scale Mail Armor
Connection lost

Rejoining the realm…

Still unreachable

The connection could not be restored.

Session expired

The server has moved on; the page needs a fresh start.